 Dungeon Crawl Stone Soup version 0.24-a0-416-g56ce5178b7 (webtiles) character file.

Game seed: 15711915751048798914

60 Lanoc the Ducker (level 3, -1/36 HPs)
             Began as a Troll Fighter on June 9, 2019.
             Succumbed to an orc's poison
             ... on level 2 of the Dungeon.
             The game lasted 00:02:10 (491 turns).

Lanoc the Ducker (Troll Fighter)                     Turns: 491, Time: 00:02:12

Health: -1/36      AC:  6    Str: 24    XL:     3   Next: 80%
Magic:  2/2        EV:  9    Int:  4    God:
Gold:   63         SH:  9    Dex: 10    Spells: 2/2 levels left

rFire    . . .     SeeInvis .   a - +0 flail
rCold    . . .     Gourm    +   c - +0 shield
rNeg     . . .     Faith    .   b - +0 robe
rPois    .         Spirit   .   (helmet restricted)
rElec    .         Reflect  .   (no cloak)
rCorr    .         Harm     .   (gloves unavailable)
MR       .....                  (boots unavailable)
Stlth    +.........             (no amulet)
HPRegen  0.52/turn              g - +1 ring of evasion
MPRegen  0.08/turn              (no ring)

@: lethally poisoned (-1 -> -5)
A: large, unfitting armour, claws 3, fast metabolism 3, gourmand, regeneration
1, shaggy fur 1, tough skin 3
a: no special abilities


You were on level 2 of the Dungeon.
You were very full.

You visited 1 branch of the dungeon, and saw 3 of its levels.

You collected 63 gold pieces.

Inventory:

Hand Weapons
 a - a +0 flail (weapon)
Armour
 b - a +0 robe (worn)
 c - a +0 shield (worn)
Jewellery
 g - a +1 ring of evasion (left claw)
Scrolls
 e - a scroll of fog {unknown}
Potions
 d - 2 potions of might
Comestibles
 f - 3 rations
 i - 4 chunks of flesh


   Skills:
 + Level 2.7 Fighting
 * Level 2.7 Maces & Flails
 + Level 2.8 Dodging
 + Level 2.8 Shields


You had 2 spell levels left.
You didn't know any spells.
Your spell library was empty.

Dungeon Overview and Level Annotations

Branches:
Dungeon (3/15)

Altars:

Annotations:
D:3 Sigmund


Innate Abilities, Weirdness & Mutations

You are too large for most types of armour.
You have claws for hands.
Your metabolism is lightning-fast.
You like to eat raw meat.
Your natural rate of healing is unusually fast.
You are covered in fur. (AC +1)
You have extremely tough skin. (AC +3)


Message History

An orc comes into view. It is wielding a +0 short sword.
You feel sick. Something completely misses you.
You see here a scroll labeled FUCRUC JU TAU.
You feel sick.
You feel sick.
The orc throws a boomerang.
The boomerang hits you.
* * * LOW HITPOINT WARNING * * *
The weapon returns to the orc!
You feel sick.
The orc throws a boomerang.
The boomerang barely misses you.
The weapon returns to the orc!
You feel sick.
You feel sick.
You feel sick.
There is a stone staircase leading up here.
You block the goblin's attack.
The orc hits you with a +0 short sword of venom!
* * * LOW HITPOINT WARNING * * *
You are more poisoned.
You climb upwards.
Reactivating autopickup.
You die...

#.####<####.#####.#####
#.........#.##.........
# #.÷#.#.##.##.#####
#.##.#.........##.# #
#........(#....)..# #
#.#####..########## ###
#......).##.......###..
####.o.g#.#.........>..
#..@###.........##.#
#.......##........##.#
#......(###.......##.#
#(......##........##.#
###...###.............
#....#.####..#####.#
##.##..........# .#
#........#....#
####..†......#


You could see an orc and a goblin.

Vanquished Creatures
  3 adders
  A worm (D:2)
  2 leopard geckos
  A ball python (D:2)
  2 giant cockroaches
  3 hobgoblins (D:2)
  3 kobolds
  2 quokkas
  2 bats (D:2)
  A frilled lizard (D:2)
  5 goblins
  A rat (D:2)
26 creatures vanquished.

Notes
Turn   | Place    | Note
-------+----------+-------------------------------------------
     0 | D:1      | Lanoc the Troll Fighter began the quest for the Orb.
     0 | D:1      | Reached XP level 1. HP: 22/22 MP: 0/0
   114 | D:2      | Reached XP level 2. HP: 29/29 MP: 1/1
   405 | D:2      | Reached XP level 3. HP: 36/36 MP: 2/2
   472 | D:3      | Noticed Sigmund
   490 | D:3      | HP: 1/36 [orc/+0 short sword of venom (7)]
   491 | D:2      | Succumbed to an orc's poison

Levels and vault maps discovered:
D:1:      giann_forest_graveyard, layout_loops_ring, hangedman_decor_growths,
          minivault_14, minmay_misc_feat_four_crosses
D:2:      minmay_diamond_boxcup, layout_loops_cross
D:3:      layout_rooms, gup_sewer_entry_bowl, gammafunk_ghost_icy, uniq_robin,
          uniq_sigmund

Skill      XL: |  1 |
---------------+----+-----
Maces & Flails | 2 |  2.7
Fighting       | |  2.7
Dodging        | |  2.8
Shields        | |  2.8

Action                   || total
-------------------------++-------
Melee: Flail             ||    78
  Use: Scroll            ||     1
       Potion            ||     1
  Eat: Chunk             ||     8
Armor: Robe              ||    49
Dodge: Dodged            ||    48
Block: Shield            ||    49

Table legend:
 A = Non-vault XP
 B = Vault XP
 C = Vault XP percentage of total XP
 D = Non-vault monster count
 E = Vault monster count
 F = Vault count percentage of total count
                 A         B        C        D         E       F
            +---------+---------+-------+---------+---------+-------
      Total |      86 |       0 |   0.0 |      26 |       0 |   0.0
            +---------+---------+-------+---------+---------+-------
        D:1 |      10 |       0 |   0.0 |       5 |       0 |   0.0
        D:2 |      36 |       0 |   0.0 |      13 |       0 |   0.0
        D:3 |      40 |       0 |   0.0 |       8 |       0 |   0.0
            +---------+---------+-------+---------+---------+-------
